 Dungeon Crawl Stone Soup version 0.31-a0-152-g6aa68a64a1 (webtiles) character file.

Game seed: 3665393431502441036

88 qw the Shooter (level 4, -6/38 HPs)
             Began as a Minotaur Hunter on June 10, 2023.
             Engulfed by a steam dragon's steam (13 damage)
             ... on level 3 of the Dungeon.
             The game lasted 00:00:44 (1641 turns).

qw the Shooter (Minotaur Hunter)                    Turns: 1641, Time: 00:00:45

Health: -6/38      AC:  3    Str: 15    XL:     4   Next: 30%
Magic:  3/3        EV: 12    Int:  6    God:
Gold:   196        SH:  0    Dex: 16    Spells: 3/3 levels left

rFire   . . .        Y - +0 shortbow
rCold   . . .        (shield currently unavailable)
rNeg    . . .        c - +0 leather armour
rPois   .            (helmet restricted)
rElec   .            (no cloak)
rCorr   .            (no gloves)
SInv    .            (no boots)
Will    .....        (no amulet)
Stlth   +            (no ring)
HPRegen 0.26/turn    (no ring)
MPRegen 0.08/turn

%: no passive effects
@: about to teleport
A: horns 2, retaliatory headbutt
a: no special abilities


You were on level 3 of the Dungeon.
You visited 1 branch of the dungeon, and saw 3 of its levels.

You collected 196 gold pieces.


Innate Abilities, Weirdness & Mutations

You have a pair of horns on your head.
You reflexively headbutt those who attack you in melee.


   Skills:
 + Level 3.5 Fighting
 - Level 6.0 Ranged Weapons
 - Level 2.1 Dodging
 - Level 0.7 Stealth


You had 3 spell levels left.
You didn't know any spells.
Your spell library was empty.

Inventory:

Hand Weapons
 Y - a +0 shortbow (weapon)
Armour
 c - a +0 leather armour (worn)
Scrolls
 a - 2 scrolls of identify
 b - a scroll of brand weapon {unknown}
 f - 2 scrolls of teleportation
Potions
 d - 2 potions of curing {unknown}
 e - a potion of heal wounds {unknown}

Dungeon Overview and Level Annotations

Branches:
Dungeon (3/15)

Altars:
Makhleb

Annotations:
D:3 1 runed translucent door


Message History

Enter note:
Enter note:
Enter note:
Enter note:
Enter note:
Enter note: You shoot an arrow.
The arrow closely misses the howler monkey.
The howler monkey howls!
A steam dragon comes into view.
You shoot an arrow.
The arrow closely misses the howler monkey.
The steam dragon hisses angrily.
A jackal zombie comes into view.
The steam dragon breathes steam at you. The ball of steam hits you!
The jackal zombie moves out of view.
1635 ||| Stepping ~*~*~tactically~*~*~ (cloud).
You start resting.
A howler monkey is nearby!
You shoot an arrow.
The arrow hits the howler monkey but does no damage.
The howler monkey is lightly wounded.
The howler monkey is engulfed in a cloud of scalding steam.
You shoot an arrow.
The arrow closely misses the howler monkey.
The arrow barely misses the steam dragon.
The howler monkey hits you.
You shoot an arrow. The arrow hits the howler monkey.
The howler monkey is heavily wounded.
The howler monkey hits you.
You shoot an arrow.
The arrow closely misses the howler monkey.
The howler monkey hits you. The steam dragon breathes steam at you.
The ball of steam hits you!
1641 ||| READING 3 scrolls of teleportation.
As you read the scroll of teleportation, it crumbles to dust.
You feel strangely unstable.
You are engulfed in a cloud of scalding steam.
You die...

##.##.# #.# #.##.# #.#
#....# #.# ###.##.# #.###
#¤.....# #....
#######¤.¤#..### #######.
#..%....¤¤...... ........
#.#####.¤.#..###########.
#.@....# #. ##¤h##.# #.
#DZ# .# #. #...# # #.
...... #. ....... #.
#.....##.. #.###.# .
#Z+p#.#


You could see a steam dragon (catching breath), a howler monkey and a jackal
zombie.

Vanquished Creatures
  2 adders
  2 worms
  2 dart slugs
  An orc (D:3)
  6 endoplasms
  2 giant cockroaches (D:1)
  4 goblins
  7 hobgoblins
  4 jackals
  4 kobolds
  5 quokkas
  6 ball pythons
  3 bats
  2 frilled lizards
  4 rats
54 creatures vanquished.

Notes
Turn   | Place    | Note
-------+----------+-------------------------------------------
     0 | D:1      | qw the Minotaur Hunter began the quest for the Orb.
     0 | D:1      | Reached XP level 1. HP: 18/18 MP: 0/0
     0 | D:1      | 0 ||| qw: Version: 0.2-a-122-gbc61b45
     0 | D:1      | 0 ||| qw: Game counter: 3553
     0 | D:1      | 0 ||| qw: Always use a shield: true
     0 | D:1      | 0 ||| qw: God list: Okawaru
     0 | D:1      | 0 ||| qw: Allow faded altars: false
     0 | D:1      | 0 ||| qw: Do Orc after D:15 true
     0 | D:1      | 0 ||| qw: Do second Lair branch before Depths: true
     0 | D:1      | 0 ||| qw: Lair rune preference: random
     0 | D:1      | 0 ||| qw: Plans: Normal
     0 | D:1      | 0 ||| PLANNING D:1-11
    46 | D:1      | HP: 2/18 [frozen (4)]
   138 | D:1      | Reached XP level 2. HP: 25/25 MP: 1/1
   198 | D:1      | Reached skill level 5 in Ranged Weapons
   254 | D:1      | You fall into a shaft and drop 1 floor!
   289 | D:2      | Found a burning altar of Makhleb.
   319 | D:2      | Reached skill level 3 in Fighting
   394 | D:2      | 394 ||| READING scroll labelled OCROGA NONIUSUE.
   395 | D:2      | 395 ||| READING scroll labelled UNNUEKHEYSA.
   396 | D:2      | 396 ||| READING scroll labelled HUBBUZ VEVO.
   397 | D:2      | 397 ||| DROPPING scroll of butterflies.
   399 | D:2      | 399 ||| Stepping ~*~*~tactically~*~*~ (cloud).
   458 | D:2      | 458 ||| STAIRDANCE
   532 | D:1      | Reached XP level 3. HP: 28/31 MP: 2/2
   876 | D:2      | HP: 5/31 [quokka (3)]
   881 | D:2      | HP: 2/31 [quokka (2)]
  1247 | D:2      | 1247 ||| READING scroll labelled KAINYU ASUDIO.
  1248 | D:2      | 1248 ||| READING scroll labelled LULONA ZOGOTHRI.
  1253 | D:2      | 1253 ||| READING scroll labelled MUXOTO IRRIOP.
  1254 | D:2      | 1254 ||| READING scroll labelled VYISYEDWEY.
  1292 | D:3      | Reached skill level 6 in Ranged Weapons
  1292 | D:3      | Reached XP level 4. HP: 38/38 MP: 3/3
  1632 | D:3      | Found a runed translucent door.
  1632 | D:3      | Noticed a human
  1633 | D:3      | Noticed a steam dragon
  1635 | D:3      | 1635 ||| Stepping ~*~*~tactically~*~*~ (cloud).
  1640 | D:3      | HP: 7/38 [steam dragon/ball of steam (11)]
  1641 | D:3      | 1641 ||| READING 3 scrolls of teleportation.
  1641 | D:3      | Engulfed by a steam dragon's steam

Levels and vault maps discovered:
D:1:      amcnicky_arrival_abandoned_market, layout_basic
D:2:      layout_basic, basic_altar, interstate_on_off
D:3:      layout_loops_ring, dk_yredelemnul_ordeal

Skill      XL: |  1  2  3 |
---------------+----------+-----
Ranged Weapons | 5 6 |  6.0
Fighting       | 3 |  3.5
Dodging        | |  2.1
Stealth        | |  0.7

Action                     |  1- 3 |  4- 6 || total
---------------------------+-------+-------++-------
   Fire: Shortbow          |   133 |    58 ||   191
    Use: Scroll            |     7 |     1 ||     8
 Armour: Leather armour    |    22 |     5 ||    27
  Dodge: Dodged            |    48 |    15 ||    63

Table legend:
 A = Non-vault XP
 B = Vault XP
 C = Vault XP percentage of total XP
 D = Non-vault monster count
 E = Vault monster count
 F = Vault count percentage of total count
                 A         B        C        D         E       F
            +---------+---------+-------+---------+---------+-------
      Total |     127 |       0 |   0.0 |      54 |       0 |   0.0
            +---------+---------+-------+---------+---------+-------
        D:1 |      40 |       0 |   0.0 |      23 |       0 |   0.0
        D:2 |      48 |       0 |   0.0 |      19 |       0 |   0.0
        D:3 |      39 |       0 |   0.0 |      12 |       0 |   0.0
            +---------+---------+-------+---------+---------+-------
